 Dungeon Crawl Stone Soup version 0.31-a0-344-gd109795599 (webtiles) character file.

Game seed: 2531623650797919839

361 Newt the Slasher (level 6, -4/48 HPs)
             Began as a Merfolk Fighter on July 21, 2023.
             Killed from afar by a steam dragon (22 damage)
             ... with a ball of steam
             ... on level 4 of the Dungeon.
             The game lasted 00:03:43 (3704 turns).

Newt the Slasher (Merfolk Fighter)                  Turns: 3704, Time: 00:03:44

Health: -4/48      AC:  7    Str: 16    XL:     6   Next: 66%
Magic:  6/6        EV: 10    Int:  8    God:
Gold:   109        SH:  5    Dex: 15    Spells: 5/5 levels left

rFire   . . .        a - +0 long sword
rCold   . . .        c - +0 buckler
rNeg    . . .        b - +0 scale mail
rPois   .            o - +0 helmet
rElec   .            (no cloak)
rCorr   .            (no gloves)
SInv    .            (no boots)
Will    .....        (no amulet) Stlth
                     h - ring of flight
HPRegen 0.28/turn    (no ring)
MPRegen 0.10/turn

%: no passive effects
@: flying
A: (nimble swimmer 2), mertail
a: no special abilities


You were on level 4 of the Dungeon.
You visited 1 branch of the dungeon, and saw 4 of its levels.

You collected 109 gold pieces.

Inventory:

Hand Weapons
 a - a +0 long sword (weapon)
Missiles
 e - 11 poisoned darts (quivered)
 l - 5 atropa-tipped darts
Armour
 b - a +0 scale mail (worn)
 c - a +0 buckler (worn)
 o - a +0 helmet (worn)
Jewellery
 h - a ring of flight (left hand)
Scrolls
 g - a scroll of blinking
 k - a scroll of fear
 m - a scroll of amnesia
 r - 3 scrolls of teleportation
Potions
 d - 3 potions of might
 f - 3 potions of magic
 i - a potion of brilliance
 j - a potion of haste
 n - 3 potions of heal wounds
 p - a potion of lignification {unknown}
 q - a potion of berserk rage {unknown}


   Skills:
 - Level 4.0 Fighting
 + Level 5.6 Long Blades
 - Level 3.0 Throwing
 - Level 2.1 Armour
 - Level 4.0 Dodging
 - Level 3.0 Shields


You had 5 spell levels left.
You didn't know any spells.
Your spell library contained the following spells:

 Spells                   Type           Power      Damage    Failure   Level
 Apportation              Tloc           0%         N/A       90%         1
 Necrotise                Necr           0%         1d4       90%         1
 Summon Small Mammal      Summ           0%         N/A       90%         1
 Portal Projectile        Hex/Tloc       0%         N/A       99%         3
 Tukima's Dance           Hex            0%         N/A       99%         3
 Iskenderun's Mystic Bla  Conj/Tloc      0%         2d3       100%        4


Dungeon Overview and Level Annotations

Branches:
Dungeon (4/15)
 Temple: D:4-7

Altars:
Makhleb
Vehumet


Innate Abilities, Weirdness & Mutations

((You are very nimble when in or above water. (Stealth+, EV+, Speed+++)))
Your lower body shifts to a powerful aquatic tail in water.


Message History

You hit the iguana but do no damage.
The iguana is almost dead.
The iguana bites you.
You hit the iguana but do no damage.
The iguana is almost dead.
The iguana closely misses you.
The iguana bites you but does no damage.
You barely miss the iguana.
The iguana is almost dead.
The iguana barely misses you.
You slash the iguana!
You kill the iguana!
No target in view!
HP restored.
e - 12 poisoned darts (gained 8)
Things that are here:
a +0 short sword; a kobold corpse
Okay, then.
A hobgoblin, a steam dragon and a sleepcap come into view.
Found a manual of Maces & Flails.
The hobgoblin shouts!
The steam dragon hisses angrily.
The steam dragon breathes steam at you. The ball of steam hits you.
The steam dragon moves out of view.
Okay, then.
You are engulfed in a cloud of scalding steam.
You throw a poisoned dart.
The poisoned dart barely misses the steam dragon.
You closely miss the steam dragon. The steam dragon breathes steam at you.
The ball of steam hits you!
You barely miss the steam dragon. The steam dragon bites you.
You block the steam dragon's attack.
You hit the steam dragon but do no damage.
The steam dragon bites you but does no damage.
The steam dragon misses you.
You hit the steam dragon.
The steam dragon is moderately wounded.
The steam dragon breathes steam at you. The ball of steam hits you!!
You die...

##)......#..#.###.......##......#
.........#....####~~~~..#~~~~...#
........###.)##.#~~##~..~~##~..##
##......##.~~~~~~~##~~~~~##~~...~
.......~~~~~##############~~~~~~~
.....~~~#####.~.#§§..#~..######~#
....~~###...§#.#§#.#..#.#.#.#.###
....~##:...#§.#D§§#.~..#...~)~..'
....~~####.f§(.#@#.#.#..#.#.#.###
.....~~~~######.#.~.#.~#.######~#
........~~~~~~############~~~~~~~
.............~~##~~~~~~~~##~~...~
..............~~##~.....~~##~##..
...............~~~~......~~~~####
.....#..........###.....##...#
....................##..#....###
.#.#.......##.###...##.........#


You could see a steam dragon (catching breath).

Vanquished Creatures
  Eustachio (D:4)
  A hound (D:4)
  2 iguanas (D:4)
  3 gnolls (D:3)
  2 adders (D:4)
  3 worms
  A dart slug (D:2)
  11 orcs
  3 bats
  8 endoplasms
  A giant cockroach (D:2)
  6 goblins
  2 hobgoblins
  5 quokkas
  4 ball pythons
  5 frilled lizards
  8 kobolds
  4 rats
70 creatures vanquished.

Vanquished Creatures (others)
  A hobgoblin (D:4)
1 creature vanquished.

Grand Total: 71 creatures vanquished

Notes
Turn   | Place    | Note
-------+----------+-------------------------------------------
     0 | D:1      | Newt the Merfolk Fighter began the quest for the Orb.
     0 | D:1      | Reached XP level 1. HP: 18/18 MP: 1/1
   139 | D:1      | Reached XP level 2. HP: 16/25 MP: 2/2
   288 | D:1      | Reached skill level 1 in Dodging
   771 | D:2      | Reached XP level 3. HP: 25/30 MP: 3/3
  1672 | D:3      | Found a radiant altar of Vehumet.
  1855 | D:3      | Reached XP level 4. HP: 12/37 MP: 4/4
  1973 | D:3      | Found a burning altar of Makhleb.
  2116 | D:3      | Reached skill level 1 in Throwing
  2963 | D:4      | Reached XP level 5. HP: 36/42 MP: 5/5
  3062 | D:4      | Noticed Eustachio
  3079 | D:4      | Killed Eustachio
  3080 | D:4      | Reached skill level 4 in Long Blades
  3080 | D:4      | Reached XP level 6. HP: 29/48 MP: 6/6
  3389 | D:4      | Reached skill level 5 in Long Blades
  3695 | D:4      | Noticed a steam dragon
  3704 | D:4      | Killed from afar by a steam dragon

Illustrated notes

Levels and vault maps discovered:
D:1:      mrwooster_arrival_statue_3, layout_rooms, serial_glass,
          glass_columns_a, glass_columns_a, glass_columns_c, glass_columns_b,
          glass_columns_b, glass_columns_a
D:2:      layout_loops_ring, serial_co_window_serial, co_window_paths_a,
          co_window_corner_a, co_window_paths_b, co_window_of_opportunity_a,
          co_window_corner_a, co_window_paths_c, co_window_broadway_a,
          co_window_cross_3, co_window_corner_b, co_window_paths_d,
          co_window_4corner_a, glass_columns_a, glass_columns_b,
          glass_columns_b, glass_columns_c
D:3:      layout_basic, mainiacjoe_overflow_alcove_4, bloody_makhleb,
          minmay_curled_crystal
D:4:      layout_cave_pools, minmay_manual_mullet, uniq_eustachio

Skill      XL: |  1  2  3  4  5  6 |
---------------+-------------------+-----
Fighting       | 4 |  4.0
Dodging        | 2 3 4 |  4.0
Throwing       | 2 3 |  3.0
Long Blades    | 4 5 |  5.6
Armour         | |  2.1
Shields        | |  3.0

Action                     |  1- 3 |  4- 6 || total
---------------------------+-------+-------++-------
  Melee: Long sword        |   117 |   157 ||   274
  Throw: Dart              |     3 |     5 ||     8
    Use: Scroll            |     7 |     4 ||    11
 Armour: Scale mail        |    48 |    64 ||   112
  Dodge: Dodged            |    52 |   104 ||   156
  Block: Buckler           |    35 |    32 ||    67

Table legend: (Time is in decaauts)
 A = Elapsed time spent in this place.
 B = Non-inter-level travel time spent in this place.
 C = Inter-level travel time spent in this place.
 D = Time resting spent in this place.
 E = Time spent auto-exploring this place.
 F = Levels seen in this place.
 G = Mean time per level.
                   A        B        C        D        E       F      G
               +--------+--------+--------+--------+--------+-----+--------+
         Total |   3765 |   3650 |    115 |    663 |   2305 |   4 |  941.2 |
       Dungeon |   3765 |   3650 |    115 |    663 |   2305 |   4 |  941.2 |
               +--------+--------+--------+--------+--------+-----+--------+

Top non-repeatable levels by time:
     D:3: 1171 daAuts
     D:2: 1101 daAuts
     D:4: 909 daAuts
     D:1: 582 daAuts
